 Dungeon Crawl Stone Soup version 0.31.0-12-g77e489cdc1 (webtiles) character file.

Game seed: 9927810859140792046

183 112233 the Magician (level 5, 0/31 HPs)
             Began as an Octopode Conjurer on Feb 18, 2024.
             Slain by an orc wizard
             ... wielding a +0 dagger
              (5 damage)
             ... on level 4 of the Dungeon.
             The game lasted 00:01:49 (4099 turns).

112233 the Magician (Octopode Conjurer)             Turns: 4099, Time: 00:01:50

Health: 0/31       AC:  1    Str:  6    XL:     5   Next: 62%
Magic:  0/12       EV: 13    Int: 22    God:
Gold:   174        SH:  0    Dex: 11    Spells: 11/14 levels left

rFire   . . .        h - +0 quarterstaff
rCold   . . .        (shield currently unavailable)
rNeg    . . .        (helmet restricted)
rPois   .            (no amulet)
rElec   .            (no ring)
rCorr   .            (no ring)
SInv    .            (no ring)
Will    .....        (no ring)
Stlth   +++          (no ring)
HPRegen 0.25/turn    (no ring)
MPRegen 0.13/turn    (no ring)
                     (no ring)

%: no passive effects
@: mighty
A: almost no armour, amphibious, 8 rings, camouflage 1, gelatinous body 1,
(nimble swimmer 1), tentacles
a: no special abilities


You were on level 4 of the Dungeon.
You visited 1 branch of the dungeon, and saw 4 of its levels.

You collected 174 gold pieces.

Inventory:

Hand Weapons
 h - a +0 quarterstaff (weapon)
Jewellery
 j - a +6 ring of intelligence
Wands
 p - a wand of quicksilver (6)
Scrolls
 b - 4 scrolls of identify {unknown}
 d - 3 scrolls of fear {unknown}
 i - a scroll of enchant armour {unknown}
 m - a scroll of amnesia {unknown}
 o - a scroll of poison {unknown}
Potions
 a - a potion of magic
 e - a potion of heal wounds {unknown}
 f - 2 potions of berserk rage {unknown}
 g - a potion of lignification {unknown}
 k - a potion of degeneration {unknown}
 l - a potion of curing {unknown}
 n - a potion of enlightenment {unknown}


   Skills:
 - Level 2.1 Dodging
 - Level 2.9 Stealth
 + Level 5.1 Spellcasting
 - Level 4.0 Conjurations


You had 11 spell levels left.
You knew the following spells:

 Your Spells              Type           Power      Damage    Failure   Level
a - Magic Dart            Conj           92%        1d7       1%          1
b - Searing Ray           Conj           46%        2d6       2%          2

Your spell library contained the following spells:

 Spells                   Type           Power      Damage    Failure   Level
 Sting                    Conj/Alch      56%        1d6       4%          1
 Static Discharge         Conj/Air       28%        3-5/arc   7%          2
 Apportation              Tloc           10%        N/A       10%         1
 Necrotise                Necr           20%        1d5       10%         1
 Summon Small Mammal      Summ           20%        N/A       10%         1
 Fulminant Prism          Conj/Alch      7%         3d7       41%         4
 Iskenderun's Mystic Bla  Conj/Tloc      14%        2d5       41%         4
 Airstrike                Air            2%         2d(1-17)  69%         4
 Summon Lightning Spire   Summ/Air       5%         N/A       69%         4


Dungeon Overview and Level Annotations

Branches:
Dungeon (4/15)
 Temple: D:4-7

Altars:
Sif Muna
Yredelemnul

Shops:
D:3 [


Innate Abilities, Weirdness & Mutations

You cannot wear most types of armour.
You are amphibious.
You can wear up to eight rings at the same time.
Your skin changes colour to match your surroundings (Stealth+).
Your rubbery body absorbs attacks. (AC +1, EV +1)
((You are camouflaged when in or above water. (Stealth+)))
You have tentacles for arms and can constrict up to eight enemies at once.


Message History

Something barely misses you.
Unknown command.
Unknown command.
Casting: Searing Ray (safe; 2% risk of failure)
Confirm with . or Enter, or press ? or * to list all spells.
Aiming: Searing Ray (safe; 2% risk of failure)
Press: ? - help, Shift-Dir - straight line (Press . to maintain the ray.)
Something hits you.
Unknown command.
Unknown command.
Unknown command.
You barely miss something. Something hits you.
You miss something. Your squeeze misses something. Something hits you.
Unknown command.
You miss something.
You hear some strange, mumbled words.
A magic dart appears from out of thin air!
The magic dart hits you.
Casting: Searing Ray (safe; 2% risk of failure)
Confirm with . or Enter, or press ? or * to list all spells.
You can't see any susceptible monsters within range! (Use Z to cast anyway.)
Casting: Searing Ray (safe; 2% risk of failure)
Confirm with . or Enter, or press ? or * to list all spells.
Aiming: Magic Dart (safe; 1% risk of failure)
Press: ? - help, Shift-Dir - straight line The magic dart hits something but does no damage.
Something hits you.
* * * LOW HITPOINT WARNING * * *
Unknown command.
It was a potion of might.
You feel very mighty all of a sudden. Something hits you.
* * * LOW HITPOINT WARNING * * *
Unknown command.
Unknown command.
You miss something. Your squeeze misses something. Something hits you.
* * * LOW HITPOINT WARNING * * *
Something hits you.
You die...

...........###.#...
#.........##....##
#.........##..###
#####.............#
#.....#.......###.#
#..[......###.# #.#
#.....######### ###
#.....#..?.....
####.@)$.......
##{#..?.....
#..######### #..##
#..) #).#. #.##. #.
##


There were no monsters in sight!

Vanquished Creatures
  A sleepcap (D:4)
  7 gnolls
  An adder (D:2)
  2 dart slugs
  A ribbon worm (D:2)
  3 orcs (D:4)
  6 endoplasms
  3 giant cockroaches
  8 hobgoblins
  6 jackals (D:3)
  5 kobolds
  2 quokkas
  5 ball pythons
  6 bats
  2 frilled lizards (D:1)
  7 goblins
  4 rats
69 creatures vanquished.

Notes
Turn   | Place    | Note
-------+----------+-------------------------------------------
     0 | D:1      | 112233 the Octopode Conjurer began the quest for the Orb.
     0 | D:1      | Reached XP level 1. HP: 11/11 MP: 3/3
   280 | D:1      | Reached XP level 2. HP: 17/17 MP: 0/5
   662 | D:1      | Learned a level 2 spell: Searing Ray
   702 | D:1      | Reached XP level 3. HP: 21/21 MP: 2/7
   776 | D:1      | Reached skill level 3 in Spellcasting
  1726 | D:3      | Found Fididd's Antique Armour Shop.
  1729 | D:3      | Identified the +8 sling of Getime {speed, rCorr Stlth+}
  1844 | D:3      | Reached XP level 4. HP: 27/27 MP: 5/9
  2116 | D:2      | Reached skill level 4 in Spellcasting
  2365 | D:2      | Found a shimmering blue altar of Sif Muna.
  2704 | D:2      | Reached XP level 5. HP: 22/31 MP: 3/11
  3762 | D:3      | Found a basalt altar of Yredelemnul.
  3982 | D:4      | Reached skill level 5 in Spellcasting
  4099 | D:4      | Slain by an orc wizard

Illustrated notes

Levels and vault maps discovered:
D:1:      mrwooster_arrival_statue, layout_basic
D:2:      layout_basic, basic_altar, dreamdust_wishing_well
D:3:      layout_loops_cross, marbit_many_paths, serial_shops, shop,
          guppyfry_early_lair_pool
D:4:      layout_rooms, nrook_uturn

Skill      XL: |  1  2  3  4  5 |
---------------+----------------+-----
Spellcasting   | 3 4 5 |  5.1
Dodging        | |  2.1
Stealth        | |  2.9
Conjurations   | |  4.0

Action                     |  1- 3 |  4- 6 || total
---------------------------+-------+-------++-------
  Melee: Tentacles         |     4 |       ||     4
         Unarmed           |     3 |       ||     3
         Constrict         |     3 |       ||     3
         Quarterstaff      |     7 |     4 ||    11
   Cast: Magic Dart        |    63 |    84 ||   147
         Searing Ray       |     1 |     8 ||     9
    Use: Potion            |       |     1 ||     1
 Armour: Skin              |     9 |    16 ||    25
  Dodge: Dodged            |    20 |    14 ||    34
